 Dungeon Crawl Stone Soup version 0.29.1-12-g30fa7ad0bf (webtiles) character file.

Game seed: 8010701201060430303

40 AllLight the Cudgeller (level 3, -1/36 HPs)
             Began as a Troll Berserker on Jan 2, 2023.
             Was a Follower of Trog.
             Slain by a river rat (8 damage)
             ... summoned by Eustachio
             ... on level 4 of the Dungeon.
             The game lasted 00:09:28 (1049 turns).

AllLight the Cudgeller (Troll Berserker)            Turns: 1049, Time: 00:09:31

Health: -1/36      AC:  4    Str: 27      XL:     3   Next: 30%
Magic:  2/2        EV:  9    Int:  3      God:    Trog [*.....]
Gold:   37         SH:  0    Dex:  4 (9)  Spells: 2/2 levels left

rFire   + . .      SeeInvis .   d - +0 club
rCold   + . .      Faith    .   (no shield)
rNeg    . . .      Spirit   .   q - +0 robe {rC+}
rPois   .          Reflect  .   (helmet restricted)
rElec   .          Harm     .   (no cloak)
rCorr   .          Rampage  .   (gloves unavailable)
Will    .....                   (boots unavailable)
Stlth   +.........              (no amulet)
HPRegen 0.92/turn               s - ring of protection from fire
MPRegen 0.08/turn               (no ring)

@: no status effects
A: large, unfitting armour, claws 3, regeneration 1, shaggy fur 1, tough skin 1
a: Renounce Religion, Berserk


You were on level 4 of the Dungeon.
You worshipped Trog.
Trog was aware of your devotion.
You visited 1 branch of the dungeon, and saw 4 of its levels.

You collected 37 gold pieces.

Inventory:

Hand Weapons
 a - a +0 mace
 d - a +0 club (weapon)
 j - a +0 whip
Missiles
 r - 4 poisoned darts (quivered)
Armour
 b - a +0 animal skin
 c - a +2 leather armour of cold resistance
 e - a +0 ring mail
 g - a +0 helmet
 h - a +0 robe
 p - a +0 ring mail
 q - a +0 robe of cold resistance (worn)
Jewellery
 s - a ring of protection from fire (left claw)
Scrolls
 f - a scroll of identify {unknown}
 m - a scroll of noise {unknown}
 n - a scroll of enchant weapon {unknown}
Potions
 i - a potion of heal wounds
 k - a potion of attraction {unknown}
 l - a potion of curing {unknown}
 o - a potion of brilliance {unknown}


   Skills:
 + Level 2.8 Fighting
 + Level 3.3 Maces & Flails
 + Level 2.8 Dodging


You had 2 spell levels left.
You didn't know any spells.
Your spell library was empty.

Dungeon Overview and Level Annotations

Branches:
Dungeon (4/15)
 Temple: D:4-7

Altars:

Annotations:
D:4 Eustachio


Innate Abilities, Weirdness & Mutations

You are too large for most types of armour.
You have claws for hands.
Your natural rate of healing is unusually fast.
You are covered in fur. (AC +1)
You have tough skin. (AC +1)


Message History

The bat barely misses you. x2; The white imp completely misses you.
The quasit bites you. The quasit barely misses you. The quasit claws you.
You feel clumsy.
You closely miss the quasit.
The crimson imp disappears in a puff of smoke!
The bat barely misses you. The quasit barely misses you. The quasit claws you.
You feel clumsy.
The quasit claws you but does no damage.
The white imp barely misses you. The rat closely misses you.
The quasit bites you but does no damage.
The quasit barely misses you. x2; The white imp hits you.
The white imp freezes you. You resist.
You hit the white imp.
The white imp is almost dead.
The quasit barely misses you.
The quasit claws you but does no damage. x2
The river rat closely misses you. The rat bites you.
The white imp completely misses you.
You closely miss the white imp.
The white imp is almost dead.
The quasit bites you.
You feel clumsy. The quasit claws you.
* * * LOW HITPOINT WARNING * * *
The quasit closely misses you.
Eustachio casts a spell.
The rat closely misses you. The river rat barely misses you.
The white imp gestures at you. The puff of frost hits you. You resist.
* * * LOW HITPOINT WARNING * * *
The quasit completely misses you. The quasit barely misses you.
The quasit closely misses you.
You barely miss the white imp.
The white imp is almost dead.
The white imp disappears in a puff of smoke!
The bat hits you but does no damage. The bat barely misses you.
The quasit bites you but does no damage.
The quasit closely misses you. The quasit barely misses you.
The river rat bites you!
You die...

##.#.# #.# ##....#
#.# ###.?...##
####.# ..>......#
#...)# #......#
#.####
###.....###.#####
#.?..5..........#
#.#rbr@5......#..#
#...@5b#......# ..
##.#.#.#......#..#
#.#.#.#........#
#.#.#.#.#####.##
......#.# .#
..#.###.# .#
####.# #. #.#


You could see Eustachio, 2 quasits, a river rat (summoned), a white imp
(summoned), 2 bats and a rat (summoned).

Vanquished Creatures
  An adder (D:4)
  A dart slug (D:2)
  A bat (D:1)
  6 endoplasms
  A giant cockroach (D:1)
  3 goblins
  2 hobgoblins
  3 kobolds
  3 quokkas (D:1)
  A ball python (D:1)
  2 frilled lizards
  A rat (D:1)
25 creatures vanquished.

Vanquished Creatures (others)
  A bat (D:3)
  A kobold (D:3)
  8 plants (D:2)
10 creatures vanquished.

Grand Total: 35 creatures vanquished

Notes
Turn   | Place    | Note
-------+----------+-------------------------------------------
     0 | D:1      | AllLight the Troll Berserker began the quest for the Orb.
     0 | D:1      | Reached XP level 1. HP: 22/22 MP: 0/0
   140 | D:1      | Reached XP level 2. HP: 29/29 MP: 1/1
   222 | D:1      | Reached skill level 3 in Maces & Flails
   839 | D:3      | Reached XP level 3. HP: 32/36 MP: 2/2
  1016 | D:4      | Noticed Eustachio
  1049 | D:4      | Slain by a river rat

Illustrated notes

Levels and vault maps discovered:
D:1:      dpeg_arrival_short_road, layout_basic
D:2:      layout_basic, shapermc_ecumenical_altar_ellora, serial_forest,
          infiniplex_forest_corner_1, infiniplex_forest_clump_diagonal,
          infiniplex_forest_3_way, infiniplex_forest_clump_long,
          infiniplex_forest_side_room, infiniplex_forest_lined_room_,
          infiniplex_forest_lined_3_way
D:3:      layout_basic, elyvilon_altar_4
D:4:      layout_loops_ring, uniq_robin, uniq_eustachio

Skill      XL: |  1  2 |
---------------+-------+-----
Maces & Flails | 3 |  3.3
Fighting       | |  2.8
Dodging        | |  2.8

Action                   || total
-------------------------++-------
Melee: Club              ||   333
       Mace              ||    10
       Punch             ||     2
  Use: Potion            ||     1
Armor: Animal skin       ||    12
       Robe              ||   100
Dodge: Dodged            ||   155
